 Dungeon Crawl Stone Soup version 0.30-a0-509-gd016549fea (webtiles) character file.

Game seed: 8543406030253261985

68 tsouns the Sneak (level 4, -2/28 HPs)
             Began as an Octopode Enchanter on Dec 22, 2022.
             Slain by an orc
             ... wielding a +0 war axe
              (9 damage)
             ... on level 3 of the Dungeon.
             The game lasted 00:03:18 (1976 turns).

tsouns the Sneak (Octopode Enchanter)               Turns: 1976, Time: 00:03:19

Health: -2/28      AC:  1    Str:  7    XL:     4   Next: 19%
Magic:  7/7        EV: 13    Int: 19    God:
Gold:   148        SH:  0    Dex: 12    Spells: 5/7 levels left

rFire   . . .      SeeInvis .    a - +1 dagger
rCold   . . .      Faith    .    (no shield)
rNeg    . . .      Spirit   .    (helmet restricted)
rPois   .          Reflect  .    (no amulet)
rElec   .          Harm     .    (no ring)
rCorr   .          Rampage  .    (no ring)
Will    .....                    (no ring)
Stlth   ++++......               (no ring)
HPRegen 0.24/turn                (no ring)
MPRegen 0.10/turn                (no ring)
                                 (no ring)
                                 (no ring)

@: no status effects
A: almost no armour, amphibious, 8 rings, camouflage 1, gelatinous body 1,
(nimble swimmer 1), tentacles
a: no special abilities


You were on level 3 of the Dungeon.
You visited 1 branch of the dungeon, and saw 3 of its levels.

You collected 148 gold pieces.

Inventory:

Hand Weapons
 a - a +1 dagger (weapon)
Scrolls
 d - a scroll of blinking {unknown}
 e - a scroll of acquirement {unknown}
 f - a scroll of fear {unknown}
 h - a scroll of teleportation {unknown}
 i - 2 scrolls of fog {unknown}
 j - a scroll of enchant armour {unknown}
 m - a scroll of identify {unknown}
Potions
 b - 3 potions of invisibility
 c - 2 potions of curing {unknown}
 g - a potion of degeneration {unknown}
 k - a potion of heal wounds {unknown}
 l - a potion of attraction {unknown}


   Skills:
 + Level 1.3 Fighting
 + Level 1.7 Short Blades
 + Level 2.4 Dodging
 + Level 4.5 Stealth
 + Level 2.3 Spellcasting
 + Level 3.4 Hexes


You had 5 spell levels left.
You knew the following spells:

 Your Spells              Type           Power      Damage    Failure   Level
a - Ensorcelled Hibernat  Hex/Ice        16%        N/A       12%         2

Your spell library contained the following spells:

 Spells                   Type           Power      Damage    Failure   Level
 Confusing Touch          Hex            15%        N/A       12%         3
 Tukima's Dance           Hex            15%        N/A       12%         3
 Dazzling Flash           Conj/Hex       16%        N/A       24%         3
 Kindle Blastsparks       Fire/Tloc/Air  4%         2d10      43%         3
 Fulminant Prism          Conj/Hex       4%         3d5       63%         4
 Iskenderun's Mystic Bla  Conj/Tloc      2%         2d3       85%         4
 Lee's Rapid Deconstruct  Erth           1%         3d4*      99%         5


Dungeon Overview and Level Annotations

Branches:
Dungeon (3/15)

Altars:


Innate Abilities, Weirdness & Mutations

You cannot wear most types of armour.
You are amphibious.
You can wear up to eight rings at the same time.
Your skin changes colour to match your surroundings (Stealth+).
Your rubbery body absorbs attacks. (AC +1, EV +1)
((You are camouflaged when in or above water. (Stealth+)))
You have tentacles for arms and can constrict up to eight enemies at once.


Message History

You kill the worm!
Your magical contamination has completely faded away.
A goblin comes into view. It is wielding a +0 club.
The helpless goblin fails to defend itself.
You impale the goblin!!
You kill the goblin!
You see here a +0 club.
Done exploring.
Done exploring.
There is a stone staircase leading up here.
There is a stone staircase leading down here.
You climb downwards.
Found a stone staircase leading down.
There is a stone staircase leading up here.
An orc and an orc priest come into view.
An orc comes into view. It is wielding a +0 war axe.
The orc priest shouts!
The orc shouts! x2
You hit the orc. You grab the orc.
The orc is severely wounded.
You constrict the orc, but do no damage.
You hit the orc.
You kill the orc!
You hit the orc priest but do no damage.
You grab the orc priest. You constrict the orc priest.
The orc priest completely misses you.
You hit the orc priest but do no damage.
The orc priest is lightly wounded.
You constrict the orc priest, but do no damage.
The orc priest completely misses you. The orc hits you with a +0 war axe.
You hit the orc priest but do no damage.
The orc priest is lightly wounded.
You constrict the orc priest, but do no damage.
The orc priest barely misses you. The orc hits you with a +0 war axe!
You hit the orc priest but do no damage.
The orc priest is lightly wounded.
You constrict the orc priest, but do no damage.
The orc priest hits you with a +0 flail!
* * * LOW HITPOINT WARNING * * *
The orc hits you with a +0 war axe!
You die...

##########
.........# ###.#
########.##>.....
########.<.....#
........######...
#######.# #.#
###.### #..@..#
#..oo.#
...........
####.....####
#.....# ....###
######


You could see an orc priest and an orc.

Vanquished Creatures
  An adder (D:2)
  4 worms (D:2)
  A dart slug (D:1)
  An orc (D:3)
  4 ball pythons
  4 bats (D:1)
  2 endoplasms
  7 goblins
  6 hobgoblins
  4 quokkas
  A frilled lizard (D:2)
  4 kobolds
  2 rats
41 creatures vanquished.

Notes
Turn   | Place    | Note
-------+----------+-------------------------------------------
     0 | D:1      | tsouns the Octopode Enchanter began the quest for the Orb.
     0 | D:1      | Reached XP level 1. HP: 11/11 MP: 3/3
   194 | D:1      | Reached XP level 2. HP: 18/18 MP: 5/5
   535 | D:1      | Learned a level 2 spell: Ensorcelled Hibernation
   718 | D:1      | Reached XP level 3. HP: 22/22 MP: 1/6
  1022 | D:2      | Reached skill level 1 in Fighting
  1662 | D:2      | Reached XP level 4. HP: 28/28 MP: 0/7
  1976 | D:3      | Slain by an orc

Illustrated notes

Levels and vault maps discovered:
D:1:      dpeg_arrival_morbid_curiosity, layout_loops_ring, st_stairs_12
D:2:      layout_basic, minmay_misc_feat_cross, nicolae_wormholes
D:3:      layout_loops_ring, hellmonk_ecumenical_altar_pennies_from_heaven

Skill      XL: |  1  2  3 |
---------------+----------+-----
Fighting       | 1 |  1.3
Short Blades   | |  1.7
Dodging        | |  2.4
Stealth        | |  4.5
Spellcasting   | |  2.3
Hexes          | |  3.4

Action                   |  1- 3 |  4- 6 || total
-------------------------+-------+-------++-------
Melee: Dagger            |    73 |     9 ||    82
       Tentacles         |    13 |       ||    13
       Constrict         |    19 |     2 ||    21
 Cast: Ensorcelled Hiber |     9 |     2 ||    11
 Stab: Sleeping          |    17 |     2 ||    19
Armor: Skin              |     3 |       ||     3
Dodge: Dodged            |    38 |     4 ||    42

Table legend: (Time is in decaauts)
 A = Elapsed time spent in this place.
 B = Non-inter-level travel time spent in this place.
 C = Inter-level travel time spent in this place.
 D = Time resting spent in this place.
 E = Time spent auto-exploring this place.
 F = Levels seen in this place.
 G = Mean time per level.
                   A        B        C        D        E       F      G
               +--------+--------+--------+--------+--------+-----+--------+
         Total |   1970 |   1916 |     54 |      0 |   1607 |   3 |  656.7 |
       Dungeon |   1970 |   1916 |     54 |      0 |   1607 |   3 |  656.7 |
               +--------+--------+--------+--------+--------+-----+--------+

Top non-repeatable levels by time:
     D:1: 1002 daAuts
     D:2: 953 daAuts
     D:3: 14 daAuts
